 Dungeon Crawl Stone Soup version 0.23-a0-650-ga4d50d4 (webtiles) character file.

125 Borgoz the Cutter (level 5, -2/33 HPs)
             Began as a Kobold Berserker on Jan 2, 2019.
             Was a Believer of Trog.
             Slain by a scorpion (10 damage)
             ... on level 3 of the Dungeon.
             The game lasted 00:04:37 (2082 turns).

Borgoz the Cutter (Kobold Berserker)                Turns: 2082, Time: 00:04:38

Health: -2/33      AC:  2    Str: 15    XL:     5   Next: 30%
Magic:  5/5        EV: 16    Int:  8    God:    Trog [**....]
Gold:   171        SH:  0    Dex: 15    Spells: 4/4 levels left

rFire    . . .     SeeInvis .   a - +0 short sword
rCold    . . .     Gourm    .   (shield restricted)
rNeg     . . .     Faith    .   b - +0 animal skin
rPois    .         Spirit   .   (no helmet)
rElec    .         Reflect  .   (no cloak)
rCorr    .         Harm     .   (no gloves)
MR       .....                  (no boots)
Stlth    ++........             (no amulet)
HPRegen  0.11/turn              (no ring)
MPRegen  0.09/turn              (no ring)

@: lethally poisoned (-2 -> -6)
A: small, carnivore
a: Berserk, Trog's Hand, Renounce Religion


You were on level 3 of the Dungeon.
You worshipped Trog.
Trog was pleased with you.
You were not hungry.

You visited 1 branch of the dungeon, and saw 3 of its levels.

You collected 171 gold pieces.

Inventory:

Hand Weapons
 a - a +0 short sword (weapon)
Armour
 b - a +0 animal skin (worn)
 n - a cursed -2 ring mail
Scrolls
 d - a scroll of fear {unknown}
 f - 3 scrolls of remove curse {unknown}
 i - a scroll of amnesia {unknown}
 j - 2 scrolls of random uselessness {unknown}
 m - a scroll of identify {unknown}
 q - a scroll of fog {unknown}
Potions
 e - a potion of haste {unknown}
 g - a potion of agility {unknown}
 h - a potion of cancellation {unknown}
 k - 5 potions of curing {unknown}
 l - 2 potions of berserk rage {unknown}
 o - a potion of flight {unknown}
 p - a potion of brilliance {unknown}
Comestibles
 c - 4 rations


   Skills:
 + Level 4.2 Fighting
 + Level 5.9 Short Blades
 + Level 1.6 Armour
 + Level 3.2 Dodging
 + Level 1.6 Stealth


You had 4 spell levels left.
You didn't know any spells.
Your spell library was empty.

Dungeon Overview and Level Annotations

Branches:
Dungeon (3/15)

Altars:
Gozag
Zin


Innate Abilities, Weirdness & Mutations

You are small and have problems with some larger weapons.
You are carnivorous and can eat meat at any time.


Message History

Found a stone staircase leading down.
A scorpion is nearby!
The helpless scorpion fails to defend itself.
You puncture the scorpion!
The scorpion is severely wounded.
You closely miss the scorpion.
The scorpion is severely wounded.
The scorpion stings you.
You are poisoned.
The scorpion poisons you!
You hit the scorpion but do no damage.
The scorpion is severely wounded.
You feel sick. The scorpion misses you.
You barely miss the scorpion.
The scorpion is severely wounded.
The scorpion barely misses you.
You hit the scorpion.
The scorpion is almost dead.
You feel sick. The scorpion stings you!
You die...

#.# #.....##.#...#
##.## #.....##.#.#.#
##.#.## ########.....#
#.###)############.###
##.#.).............#
##.#.#####..#######
#.#..........#
#.......#..#.#
###.##..#.@#.#
#.##..#.s# # #.. ...>#
#.###.#.## #........
########


You could see a scorpion.

Vanquished Creatures
  Jessica (D:3)
  An adder (D:2)
  4 gnolls
  An ooze (D:3)
  2 worms
  A dart slug (D:1)
  A leopard gecko (D:2)
  6 bats
  4 giant cockroaches
  3 goblins (D:1)
  5 hobgoblins
  A quokka (D:2)
  A ball python (D:1)
  A frilled lizard (D:2)
  8 kobolds
  3 rats
43 creatures vanquished.

Notes
Turn   | Place    | Note
-------+----------+-------------------------------------------
     0 | D:1      | Borgoz the Kobold Berserker began the quest for the Orb.
     0 | D:1      | Reached XP level 1. HP: 14/14 MP: 1/1
   371 | D:1      | Reached XP level 2. HP: 18/19 MP: 2/2
   440 | D:1      | Reached XP level 3. HP: 16/23 MP: 3/3
  1038 | D:2      | Reached skill level 5 in Short Blades
  1409 | D:2      | Reached XP level 4. HP: 29/29 MP: 4/4
  1589 | D:3      | Found a glowing silver altar of Zin.
  1589 | D:3      | Found an opulent altar of Gozag.
  1642 | D:3      | Noticed Jessica
  1665 | D:3      | Killed Jessica
  1665 | D:3      | Reached skill level 1 in Stealth
  1947 | D:3      | Reached ** piety under Trog
  1985 | D:3      | Reached XP level 5. HP: 24/33 MP: 5/5
  2082 | D:3      | Slain by a scorpion

Vault maps used:
D:1:      matt_arrival_refuge
D:2:      small_statue_intersection, minmay_misc_feat_secret_circle
D:3:      grunt_temple_overflow_gold_and_silver, nicolae_overflow_crystal_walls,
          first_ration, uniq_jessica, uniq_sigmund

Skill      XL: |  1  2  3  4 |
---------------+-------------+-----
Short Blades   | 5 |  5.9
Fighting       | 4 |  4.2
Dodging        | 3 |  3.2
Stealth        | 1 |  1.6
Armour         | |  1.6

Action                   |  1- 3 |  4- 6 || total
-------------------------+-------+-------++-------
Melee: Short sword       |    99 |    80 ||   179
 Stab: Sleeping          |     3 |     1 ||     4
  Eat: Chunk             |     6 |     1 ||     7
Armor: Animal skin       |    10 |     3 ||    13
Dodge: Dodged            |    57 |    53 ||   110

Table legend:
 A = Non-vault XP
 B = Vault XP
 C = Vault XP percentage of total XP
 D = Non-vault monster count
 E = Vault monster count
 F = Vault count percentage of total count
                 A         B        C        D         E       F
            +---------+---------+-------+---------+---------+-------
      Total |     142 |      37 |  20.7 |      42 |       1 |   2.3
            +---------+---------+-------+---------+---------+-------
        D:1 |      33 |       0 |   0.0 |      12 |       0 |   0.0
        D:2 |      44 |       0 |   0.0 |      18 |       0 |   0.0
        D:3 |      65 |      37 |  36.3 |      12 |       1 |   7.7
            +---------+---------+-------+---------+---------+-------
